 Dungeon Crawl Stone Soup version 0.27-a0-385-g3208abaabc (webtiles) character file.

Game seed: 12078449111860471217

66377 wakim the Thaumaturge (level 14, -13/76 (84) HPs)
             Began as a Deep Elf Conjurer on Feb 19, 2021.
             Was an Elder of Vehumet.
             Killed by drain life
             ... invoked by a soul eater
              (17 damage)
             ... in a Gauntlet.
             The game lasted 02:02:07 (26038 turns).

wakim the Thaumaturge (Deep Elf Conjurer)          Turns: 26038, Time: 02:02:08

HP:   -13/76 (84)   AC: 10    Str:  7    XL:     14   Next: 79%
MP:   5/34          EV: 18    Int: 26    God:    Vehumet [****..]
Gold: 644           SH:  5    Dex: 13    Spells: 6/41 levels left

rFire    + . .     SeeInvis .   G - staff of earth
rCold    + . .     Faith    .   q - +0 buckler
rNeg     . . .     Spirit   .   I - +2 robe {Will+}
rPois    .         Reflect  .   t - +2 hat {Will+}
rElec    .         Harm     .   d - +1 cloak
rCorr    .         Rampage  .   z - +0 pair of gloves
Will     +++..     NoTele   +   J - +0 pair of boots
Stlth    ++++......             u - amulet of regeneration
HPRegen  1.22/turn              B - ring of protection from fire
MPRegen  0.24/turn              F - ring of protection from cold

@: sluggish, drained, very slow
A: no striking features
a: Renounce Religion


You were in a Gauntlet.
You worshipped Vehumet.
Vehumet was greatly pleased with you.
You visited 3 branches of the dungeon, and saw 20 of its levels.
You also visited: Ossuary and Gauntlet.

You collected 1139 gold pieces.
You spent 495 gold pieces at shops.

Inventory:

Hand Weapons
 a - a +5 flail of protection
 w - a +1 spectral long sword
Armour
 d - a +1 cloak (worn)
 q - a +0 buckler (worn)
 t - a +2 hat of willpower (worn)
 v - a +1 robe of cold resistance
 z - a +0 pair of gloves (worn)
 D - a scarf of resistance
 I - a +2 robe of willpower (worn)
 J - a +0 pair of boots (worn)
 K - the +1 robe of Awe {rElec}
   (You found it on level 6 of the Lair of Beasts)

   It insulates you from electricity.
Magical Staves
 G - a staff of earth (weapon)
Jewellery
 n - an amulet of the acrobat
 u - an amulet of regeneration (around neck)
 A - a +4 ring of evasion
 B - a ring of protection from fire (left hand)
 E - an amulet of faith
 F - a ring of protection from cold (right hand)
 L - a +6 ring of intelligence
Wands
 c - a wand of polymorph (22)
 y - a wand of charming (9)
Scrolls
 b - 5 scrolls of enchant armour
 e - 8 scrolls of magic mapping
 f - a scroll of amnesia
 g - 9 scrolls of teleportation
 h - a scroll of fear
 l - 6 scrolls of identify
 o - a scroll of fog
 s - 5 scrolls of blinking
 H - 2 scrolls of brand weapon
Potions
 i - a potion of resistance
 j - 3 potions of flight
 k - 12 potions of curing
 m - 5 potions of berserk rage
 p - 9 potions of might
 r - 2 potions of heal wounds
 x - 2 potions of haste
 C - a potion of invisibility


   Skills:
 + Level 8.8 Fighting
 * Level 2.4 Staves
 + Level 11.5 Dodging
 - Level 9.4 Stealth
 - Level 4.0 Shields
 + Level 14.3 Spellcasting
 + Level 14.3 Conjurations
 - Level 5.0 Hexes
 - Level 6.0 Summonings
 + Level 6.2 Translocations
 - Level 5.0 Fire Magic
 - Level 4.0 Air Magic
 - Level 5.0 Earth Magic
 * Level 2.5 Evocations


You had 6 spell levels left.
You knew the following spells:

 Your Spells              Type           Power        Failure   Level
a - Magic Dart            Conj           100%         0%          1
b - Iskenderun's Battles  Conj           75%          1%          5
c - Fulminant Prism       Conj/Hex       31%          1%          4
d - Iskenderun's Mystic   Conj/Tloc      64%          1%          4
e - Swiftness             Air            39%          1%          2
g - Orb of Destruction    Conj           37%          1%          7
h - Bolt of Magma         Conj/Fire/Erth 37%          1%          5
i - Spellforged Servitor  Conj/Summ      32%          11%         7

Your spell library contained the following spells:

 Spells                   Type           Power        Failure   Level
 Lee's Rapid Deconstruct  Erth           30%          3%          5
 Searing Ray              Conj           100%         0%          2
 Apportation              Tloc           100%         1%          1
 Shock                    Conj/Air       100%         1%          1
 Summon Small Mammal      Summ           100%         1%          1
 Call Imp                 Summ           49%          1%          2
 Poisonous Vapours        Pois/Air       58%          1%          2
 Call Canine Familiar     Summ           49%          1%          3
 Dazzling Flash           Conj/Hex       100%         1%          3
 Ignite Poison            Fire/Tmut/Pois 27%          1%          3
 Lesser Beckoning         Tloc           25%          1%          3
 Mephitic Cloud           Conj/Pois/Air  50%          1%          3
 Static Discharge         Conj/Air       60%          1%          3
 Summon Guardian Golem    Hex/Summ       47%          1%          3
 Tukima's Dance           Hex            44%          1%          3
 Airstrike                Air            19%          1%          4
 Lightning Bolt           Conj/Air       30%          1%          5
 Iron Shot                Conj/Erth      40%          2%          6
 Animate Skeleton         Necr           36%          3%          1
 Pain                     Necr           72%          3%          1
 Sting                    Tmut/Pois      72%          3%          1
 Summon Lightning Spire   Summ/Air       44%          3%          4
 Olgreb's Toxic Radiance  Pois           18%          8%          4
 Vampiric Draining        Necr           9%           9%          3
 Summon Ice Beast         Ice/Summ       34%          9%          4
 Animate Dead             Necr           9%           28%         4
 Invisibility             Hex            44%          50%         6
 Agony                    Necr           18%          63%         5
 Alistair's Intoxication  Tmut/Pois      12%          63%         5


Dungeon Overview and Level Annotations

Branches:
Dungeon (13/15)            Temple (1/1) D:4            Lair (6/6) D:9
  Swamp (0/4) Lair:3        Snake (0/4) Lair:2        Slime (0/5) Lair:6
    Orc (0/2) D:11         Vaults (0/5) D:13        Ossuary (visited)
Gauntlet (1/1)

Altars:
Ashenzari
Cheibriados
Dithmenos
Elyvilon
Fedhas
Gozag
Hepliaklqana
Kikubaaqudgha
Makhleb
Nemelex Xobeh
Okawaru
Qazlal
Ru
Sif Muna
Trog
Uskayaw
Vehumet
Wu Jian
Xom
Yredelemnul
Zin
The Shining One
Beogh

Shops:
D:4 :

Annotations:
Lair:4 1 runed translucent door, PeterLawrence's ghost, journeyman MiFi Gauntlet 11 transporters


Message History

* * * LOW HITPOINT WARNING * * *
The soul eater is healed.
You feel sluggish.
Okay, then.
The soul eater draws from the surrounding life force!
* * * LOW HITPOINT WARNING * * *
The soul eater draws from the surrounding life force!
* * * LOW HITPOINT WARNING * * *
You see here a potion of mutation.
Aiming: Polymorph
Press: ? - help, Shift-Dir - straight line, f/p - soul eater
Aim: a soul eater (will become a blizzard demon, a sun demon, or a red devil, chance to affect: 0%)
The soul eater resists with almost no effort.
A soul eater is nearby!
Aiming: Polymorph
Press: ? - help, Shift-Dir - straight line, f/p - soul eater
Aim: a soul eater (will become a blizzard demon, a sun demon, or a red devil, chance to affect: 0%)
The soul eater resists with almost no effort.
The soul eater hits you!
* * * LOW HITPOINT WARNING * * *
Aiming: Polymorph
Press: ? - help, Shift-Dir - straight line, f/p - soul eater
Aim: a soul eater (will become a blizzard demon, a sun demon, or a red devil, chance to affect: 0%)
The soul eater resists with almost no effort.
You block the soul eater's attack.
Aiming: Polymorph
Press: ? - help, Shift-Dir - straight line, f/p - soul eater
Aim: a soul eater (will become a blizzard demon, a sun demon, or a red devil, chance to affect: 0%)
The soul eater resists with almost no effort.
The soul eater hits you but does no damage.
A soul eater is nearby!
The soul eater barely misses you. The soul eater closely misses you.
The soul eater barely misses you.
The soul eater draws from the surrounding life force!
* * * LOW HITPOINT WARNING * * *
The soul eater closely misses you.
You start to feel a little faster.
The soul eater draws from the surrounding life force!
You die...

.#y#...#≈≈.≈≈.≈≈≈#..#8#
yyy#...#..BB≈BBBB#..###
####...###########..#
.....≈§............≈###
....≈8≈........∩...∩#8#
.....≈.............≈###
####...###########..#
x..#...#.......3.#..###
.#.#...#..######@#..#8#
#xx#####.##....###..###
#..#...#5#.#.##.##..#
#..#©.©#.##.©.##.#©.###
#..#...##.####.#.#..#8#
#..#######5...##.#..###
.#x#...#©######..#..#
...#.8.##........#..###
####...###########..#8#


You could see a queen ant, a soul eater and 5 soldier ants.

Vanquished Creatures
  Gastronok (D:9)
  Erolcha (D:10)
  Fannar (Lair:2)
  A centaur warrior (D:13)
  A death knight (D:11)
  A catoblepas (Lair:6)
  6 hydras
  5 two-headed ogres
  6 death yaks
  A deep troll shaman (Lair:6)
  A tengu warrior (D:10)
  Sonja (D:10)
  2 bog bodies (Lair:3)
  A lindwurm (Lair:6)
  Pikel (D:5)
  An orc knight (D:10)
  A deep elf pyromancer (D:10)
  The ghost of wakim the Destroyer, a novice DECj of Vehumet (D:8)
  3 ugly things (D:11)
  A moth of wrath (D:8)
  A black mamba (Lair:5)
  18 elephants
  Maurice (D:10)
  8 cane toads
  5 rime drakes
  10 komodo dragons
  A torpor snail (Lair:2)
  A tengu conjurer (D:10)
  5 trolls
  4 polar bears
  A wind drake (shapeshifter) (D:13)
  9 blink frogs (Lair:2)
  Sigmund (D:3)
  22 yaks
  5 basilisks
  9 wyverns
  Edmund (D:6)
  3 nagas (Lair:2)
  32 water moccasins
  7 orc warriors
  5 ice beasts
  4 sky beasts
  4 black bears
  A hornet zombie (Ossuary)
  5 ogres
  An eye of draining (D:9)
  19 centaurs
  2 phantoms
  21 wolves
  A lemure (D:5)
  3 kobold brigands
  Blork the orc (D:6)
  18 bullfrogs
  2 gnoll sergeants (D:8)
  A water moccasin zombie (Ossuary)
  9 scorpions
  5 killer bees (D:8)
  12 wights
  2 howler monkeys (D:9)
  5 electric eels
  3 centaur zombies
  2 bullfrog zombies
  A human zombie (D:4)
  8 hounds
  A gnoll shaman (D:5)
  6 jellies
  12 orc priests
  2 bullfrog skeletons
  9 iguanas
  Terence (D:2)
  2 centaur skeletons
  15 mummies (Ossuary)
  12 orc wizards
  10 worker ants
  A statue (D:4)
  A killer bee zombie (Ossuary)
  3 hound zombies (Ossuary)
  A howler monkey zombie (D:6)
  15 gnolls
  30 adders
  5 shadow imps
  3 white imps
  2 ufetubi
  A worm zombie (D:4)
  A worm (D:5)
  An adder skeleton (D:6)
  A dart slug (D:2)
  12 leopard geckos
  57 orcs
  2 giant cockroaches (D:1)
  14 goblins
  12 hobgoblins
  15 jackals
  4 quokkas
  A ball python skeleton (D:5)
  6 bats
  6 frilled lizards
  A hobgoblin zombie (D:4)
  2 jackal zombies
  15 kobolds
  A kobold zombie (D:7)
  2 leopard gecko skeletons
  2 rats
  A toadstool (D:1)
604 creatures vanquished.

Vanquished Creatures (collateral kills)
  Jorgrun (D:12)
  A hydra (Lair:6)
  A death yak (Lair:6)
  7 elephants (Lair:6)
  A black mamba (Lair:4)
  A yaktaur (shapeshifter) (D:13)
  2 slime creatures (Lair:5)
  9 yaks
  A warg (shapeshifter) (D:13)
  2 water moccasins (Lair:6)
  An ogre (D:11)
  11 wolves
  A jelly (Lair:6)
  A bullfrog skeleton (D:13)
40 creatures vanquished.

Vanquished Creatures (others)
  85 fulminant prisms
  49 fungi
  153 plants
  3 toadstools (D:1)
  21 withered plants
311 creatures vanquished.

Grand Total: 955 creatures vanquished

Notes
Turn   | Place    | Note
-------+----------+-------------------------------------------
     0 | D:1      | wakim the Deep Elf Conjurer began the quest for the Orb.
     0 | D:1      | Reached XP level 1. HP: 10/10 MP: 6/6
   136 | D:1      | Reached XP level 2. HP: 15/15 MP: 5/8
   145 | D:1      | Learned a level 2 spell: Searing Ray
   192 | D:1      | Reached skill level 5 in Conjurations
   396 | D:1      | Reached XP level 3. HP: 19/19 MP: 5/10
   802 | D:2      | Found an iron altar of Okawaru.
   900 | D:2      | Noticed Terence
  1324 | D:2      | Reached XP level 4. HP: 24/24 MP: 9/12
  1329 | D:2      | Learned a level 4 spell: Fulminant Prism
  1334 | D:2      | Learned a level 4 spell: Iskenderun's Mystic Blast
  1424 | D:2      | Killed Terence
  1920 | D:3      | Reached XP level 5. HP: 28/28 MP: 7/14
  2099 | D:3      | Found a hazy altar of Hepliaklqana.
  2110 | D:3      | Noticed Sigmund
  2492 | D:4      | Reached skill level 5 in Spellcasting
  2493 | D:4      | Noticed an ogre
  2499 | D:4      | Killed an ogre
  2500 | D:4      | Reached XP level 6. HP: 32/32 MP: 1/16
  2545 | D:4      | Found a sand-covered staircase.
  2665 | Ossuary  | Entered an ossuary
  2674 | Ossuary  | Reached skill level 1 in Hexes
  2806 | Ossuary  | Reached skill level 1 in Translocations
  2809 | Ossuary  | Reached XP level 7. HP: 28/36 MP: 3/17
  3610 | D:4      | Found a staircase to the Ecumenical Temple.
  3660 | D:4      | Reached XP level 8. HP: 41/41 MP: 14/20
  3836 | D:4      | Found a radiant altar of Vehumet.
  3846 | D:4      | Became a worshipper of Vehumet
  4194 | D:4      | Found a blossoming altar of Fedhas.
  4237 | D:4      | Reached skill level 5 in Dodging
  4340 | D:4      | Found Joxeirr's Book Shoppe.
  4502 | D:5      | Entered Level 5 of the Dungeon
  4516 | D:5      | Found a bloodstained altar of Trog.
  4704 | D:5      | Reached skill level 1 in Fighting
  4707 | D:5      | Reached * piety under Vehumet
  4707 | D:5      | Offered knowledge of Shock by Vehumet.
  5073 | D:5      | Noticed Pikel
  5079 | D:5      | Killed Pikel
  5080 | D:5      | Reached XP level 9. HP: 44/48 MP: 5/23
  5126 | D:5      | Reached skill level 10 in Conjurations
  6014 | Temple   | Entered the Ecumenical Temple
  6592 | D:6      | Noticed Blork the orc
  6599 | D:6      | Killed Blork the orc
  6665 | D:6      | Noticed Edmund
  6672 | D:6      | Killed Edmund
  6972 | D:6      | Noticed a two-headed ogre
  6985 | D:6      | Killed a two-headed ogre
  6986 | D:6      | Reached skill level 5 in Stealth
  6986 | D:6      | Reached skill level 1 in Air Magic
  7255 | D:6      | Reached ** piety under Vehumet
  7255 | D:6      | Offered knowledge of Freeze by Vehumet.
  7443 | D:7      | Reached XP level 10. HP: 56/56 MP: 18/24
  7963 | D:7      | Found a runed translucent door.
  7992 | D:7      | Found a basalt altar of Yredelemnul.
  8102 | D:7      | Learned a level 2 spell: Swiftness
  8202 | D:8      | Offered knowledge of Mephitic Cloud by Vehumet.
  8275 | D:8      | Reached *** piety under Vehumet
  8428 | D:8      | Noticed a two-headed ogre
  8429 | D:8      | Noticed wakim's ghost (novice DECj)
  8431 | D:8      | Noticed a moth of wrath
  8434 | D:8      | Found a transporter.
  8444 | D:8      | Found a bloodstained altar of Trog.
  8454 | D:8      | Found a transporter.
  8602 | D:8      | Offered knowledge of Hailstorm by Vehumet.
  8835 | D:4      | Bought a book of Power for 495 gold pieces
  8841 | D:4      | Learned a level 5 spell: Iskenderun's Battlesphere
  8849 | D:4      | Learned a level 7 spell: Orb of Destruction
  8975 | D:9      | Found a bloodstained altar of Trog.
  9154 | D:9      | Found a shadowy altar of Dithmenos.
  9270 | D:9      | Found a staircase to the Lair.
  9813 | D:9      | Found a snail-covered altar of Cheibriados.
  9885 | D:9      | Reached **** piety under Vehumet
 10173 | D:9      | Noticed Gastronok
 10227 | D:9      | Killed Gastronok
 10228 | D:9      | Reached skill level 5 in Fighting
 10228 | D:9      | Reached skill level 1 in Shields
 10228 | D:9      | Reached skill level 5 in Hexes
 10228 | D:9      | Reached XP level 11. HP: 63/63 MP: 5/26
 10429 | D:9      | Noticed a two-headed ogre
 10435 | D:9      | Killed a two-headed ogre
 10435 | D:9      | Offered knowledge of Frozen Ramparts by Vehumet.
 10718 | D:10     | Entered Level 10 of the Dungeon
 10737 | D:10     | Noticed Sonja
 10743 | D:10     | Killed Sonja
 11148 | D:10     | Noticed Maurice
 11152 | D:10     | Noticed a tengu warrior
 11156 | D:10     | Killed Maurice
 11377 | D:10     | Noticed Erolcha
 11381 | D:10     | Noticed a deep elf pyromancer
 11382 | D:10     | Killed Erolcha
 11383 | D:10     | Reached skill level 10 in Spellcasting
 11386 | D:10     | Killed a deep elf pyromancer
 11457 | D:10     | Reached skill level 5 in Translocations
 11460 | D:10     | Noticed a two-headed ogre
 11471 | D:10     | Killed a two-headed ogre
 11841 | D:10     | Killed a tengu warrior
 12041 | D:10     | Noticed an orc knight
 12051 | D:10     | Killed an orc knight
 12613 | D:11     | Found a hide-covered altar of Uskayaw.
 12670 | D:11     | Noticed a brown ugly thing
 12676 | D:11     | Killed a brown ugly thing
 12677 | D:11     | Reached XP level 12. HP: 70/70 MP: 21/28
 12750 | D:11     | Noticed a five-headed hydra
 12947 | D:11     | Reached skill level 1 in Summonings
 13059 | D:11     | Noticed a death knight
 13256 | Lair:1   | Entered Level 1 of the Lair of Beasts
 13866 | Lair:1   | Reached ***** piety under Vehumet
 13918 | Lair:1   | Offered knowledge of Sticky Flame by Vehumet.
 13959 | Lair:1   | Learned a level 5 spell: Bolt of Magma
 14506 | Lair:2   | Noticed Fannar
 14560 | Lair:2   | Killed Fannar
 14581 | Lair:2   | Reached skill level 1 in Earth Magic
 14755 | Lair:2   | Reached skill level 1 in Fire Magic
 14935 | Lair:2   | Noticed a seven-headed hydra
 14950 | Lair:2   | Killed a seven-headed hydra
 15336 | Lair:2   | Noticed a seven-headed hydra
 15350 | Lair:2   | Killed a seven-headed hydra
 15590 | Lair:2   | Reached XP level 13. HP: 76/76 MP: 20/30
 15707 | Lair:2   | Found a staircase to the Snake Pit.
 16301 | Lair:3   | Reached skill level 10 in Dodging
 17206 | Lair:3   | Reached skill level 5 in Summonings
 17846 | Lair:3   | Found a staircase to the Swamp.
 18236 | Lair:4   | Found a runed translucent door.
 18236 | Lair:4   | Found a shimmering altar of Xom.
 18236 | Lair:4   | Noticed PeterLawrence's ghost (journeyman MiFi)
 18509 | D:3      | Killed Sigmund
 19065 | D:8      | Killed wakim's ghost
 19421 | Lair:4   | Learned a level 7 spell: Spellforged Servitor
 19481 | Lair:4   | HP: 3/78 [poisoned by a black mamba]
 19614 | Lair:4   | Offered knowledge of Lee's Rapid Deconstruction by Vehumet.
 20752 | Lair:5   | Reached XP level 14. HP: 84/84 MP: 25/33
 21057 | Lair:6   | Entered Level 6 of the Lair of Beasts
 22153 | Lair:6   | Reached skill level 5 in Earth Magic
 22157 | Lair:6   | Reached skill level 5 in Fire Magic
 22336 | Lair:6   | Found a staircase to the Slime Pits.
 23439 | Lair:6   | Got an ichor-stained robe
 23442 | Lair:6   | Identified the +1 robe of Awe {rElec} (You found it on
                  | level 6 of the Lair of Beasts)
 24085 | D:11     | Found a roughly hewn altar of Beogh.
 24085 | D:11     | Found a staircase to the Orcish Mines.
 24665 | D:11     | Identified a scroll of acquirement
 24665 | D:11     | Acquired a staff of earth
 24952 | D:12     | Reached skill level 1 in Staves
 25057 | D:12     | Reached skill level 1 in Evocations
 25367 | D:12     | Noticed Jorgrun
 25373 | D:12     | Killed Jorgrun
 25529 | D:13     | Found a gate to the Vaults.
 25573 | D:13     | Found a gate leading to a gauntlet.
 25589 | Gauntlet | Entered a Gauntlet
 25589 | Gauntlet | Found a transporter.
 25589 | Gauntlet | Found a transporter.
 25589 | Gauntlet | Found a transporter.
 25659 | Gauntlet | Found a transporter.
 25659 | Gauntlet | Found a transporter.
 25669 | Gauntlet | Found a transporter.
 25670 | Gauntlet | Found a transporter.
 25673 | Gauntlet | Found a transporter.
 25687 | Gauntlet | Found a transporter.
 25725 | Gauntlet | Found a transporter.
 25787 | Gauntlet | Found a transporter.
 25803 | Gauntlet | Found a transporter.
 26036 | Gauntlet | HP: 2/76 [soul eater/drain life (11)]
 26038 | Gauntlet | Killed from afar by a soul eater

Illustrated notes

Levels and vault maps discovered:
D:1:      ldierk_water_garden, layout_rooms
D:2:      layout_basic, nicolae_overflow_crystal_walls, uniq_terence
D:3:      layout_basic, old_standard_altar, chequers_ecumenical_altar_grove,
          uniq_sigmund
D:4:      layout_loops_ring, vehumet_statue, fedhas_altar_fruit_tree,
          minmay_temple_entry_from_below_a, enter_ossuary_3, serial_shops,
          kennysheep_mini, lexackson_kobold_supper
D:5:      layout_layer_cave, old_standard_altar, uniq_pikel
D:6:      layout_gridville, uniq_blork_the_orc, uniq_edmund
D:7:      layout_gridville, dk_yredelemnul_ordeal
D:8:      layout_gridville, gammafunk_ghost_wrathful_warriors
D:9:      layout_irregular_city, nicolae_dithmenos_shadow_blocks,
          cheibriados_altar_1, minmay_lair_entry_grove, trog_hazing_becter,
          uniq_gastronok
D:10:     nzn_winding_woodlands_stair_cross [nzn_winding_woodlands_5x15_cabin,
          nzn_winding_woodlands_center_triple_pond,
          nzn_winding_woodlands_5x15_sidewinder,
          nzn_winding_woodlands_5x5_perimeter, nzn_winding_woodlands_hourglass,
          nzn_winding_woodlands_5x15_zeroes,
          nzn_winding_woodlands_center_diamonds,
          nzn_winding_woodlands_5x15_twine], layout_loops_ring, uniq_erolcha,
          uniq_maurice, uniq_sonja
D:11:     layout_roguey, david_orc_5, basic_altar, minmay_fountain_box
D:12:     layout_gridville, uniq_jorgrun
D:13:     layout_layer_cave, david_vaults_2, gauntlet_entry_generic,
          minivault_26
Temple:   regret_index_temple_generic_petals
Lair:1:   layout_cave_shapes, serial_bayou_lagoon_b
Lair:2:   beast_lair_carwin_large_4, layout_gridlike,
          minmay_snake_entry_guardpost_medium, infiniplex_staircase_pool,
          uniq_fannar
Lair:3:   lemuel_reptile_caves, layout_long_grid, skrybe_swamp_entry_bodies,
          serial_bayou_shore_a
Lair:4:   layout_roguey, ebering_ghost_xom, minmay_lair_drake_nest
Lair:5:   layout_roguey, beast_lair_carwin_3
Lair:6:   grunt_lair_end_beastmaster, layout_regular_city,
          minmay_slime_entry_pillars
Gauntlet: gammafunk_gauntlet_hard_choice [nicolae_gauntlet_arena_flowing_pool,
          gammafunk_gauntlet_arena_spirals, nicolae_gauntlet_arena_grate_2,
          nicolae_gauntlet_arena_blocks, gammafunk_gauntlet_arena_split_x,
          gammafunk_gauntlet_arena_arrow_garden, gauntlet_exit_green]

Skill      XL: |  1  2  3  4  5  6  7  8  9 10 11 12 13 14 |
---------------+-------------------------------------------+-----
Conjurations   | 5 6 7 8 9 10 11 12 13 14 | 14.3
Spellcasting   | 4 5 6 8 9 10 11 13 14 | 14.3
Hexes          | 1 2 3 5 |  5.0
Dodging        | 3 4 6 7 8 9 10 11 | 11.5
Translocations | 1 2 4 5 6 |  6.2
Stealth        | 4 5 6 7 8 9 |  9.4
Fighting       | 1 3 5 6 7 8 |  8.8
Air Magic      | 1 3 4 |  4.0
Shields        | 1 3 4 |  4.0
Summonings     | 4 6 |  6.0
Earth Magic    | 2 4 5 |  5.0
Fire Magic     | 2 4 5 |  5.0
Staves         | 2 |  2.4
Evocations     | 2 |  2.5

Action                   |  1- 3 |  4- 6 |  7- 9 | 10-12 | 13-15 || total
-------------------------+-------+-------+-------+-------+-------++-------
Melee: Unarmed           |    10 |       |       |       |       ||    10
       Dagger            |    10 |     1 |       |       |       ||    11
       Long sword        |       |       |       |       |    42 ||    42
       Staff             |       |       |       |       |     8 ||     8
 Cast: Magic Dart        |    62 |    29 |    71 |   260 |    78 ||   500
       Searing Ray       |     3 |    17 |    65 |    60 |     2 ||   147
       Iskenderun's Myst |       |     1 |     3 |    36 |    67 ||   107
       Fulminant Prism   |       |       |    12 |    38 |    35 ||    85
       Iskenderun's Batt |       |       |       |    53 |    15 ||    68
       Swiftness         |       |       |       |     2 |     2 ||     4
       Bolt of Magma     |       |       |       |    17 |   105 ||   122
       Orb of Destructio |       |       |       |     7 |    46 ||    53
       Spellforged Servi |       |       |       |       |    15 ||    15
Evoke: Wand              |       |       |       |       |     4 ||     4
  Use: Scroll            |       |     3 |     5 |    14 |     9 ||    31
       Potion            |       |       |     1 |     2 |     5 ||     8
 Stab: Distracted        |       |       |       |       |     1 ||     1
       Sleeping          |       |       |       |       |     2 ||     2
Armor: Robe              |     4 |       |     2 |    10 |    37 ||    53
Dodge: Dodged            |    10 |    13 |    27 |    93 |   120 ||   263
Block: Buckler           |       |       |       |    15 |    36 ||    51
       Rpst.: Long sword |       |       |       |     5 |    31 ||    36

Table legend: (Time is in decaauts)
 A = Elapsed time spent in this place.
 B = Non-inter-level travel time spent in this place.
 C = Inter-level travel time spent in this place.
 D = Time resting spent in this place.
 E = Time spent auto-exploring this place.
 F = Levels seen in this place.
 G = Mean time per level.
                   A        B        C        D        E       F      G
               +--------+--------+--------+--------+--------+-----+--------+
         Total |  26160 |  24186 |   1974 |   9232 |  10334 |  22 | 1189.1 |
       Dungeon |  15279 |  13951 |   1328 |   5010 |   6309 |  13 | 1175.3 |
        Temple |    250 |    227 |     23 |      0 |    214 |   1 |  250.0 |
          Lair |   9321 |   8698 |    623 |   3691 |   3462 |   6 | 1553.5 |
       Ossuary |    861 |    861 |      0 |    465 |    215 |   1 |  861.0 |
      Gauntlet |    447 |    447 |      0 |     66 |    133 |   1 |  447.0 |
               +--------+--------+--------+--------+--------+-----+--------+

Top non-repeatable levels by time:
  Lair:2: 2729 daAuts
    D:10: 2308 daAuts
     D:9: 2142 daAuts
  Lair:6: 1919 daAuts
     D:5: 1696 daAuts
  Lair:3: 1398 daAuts
     D:4: 1372 daAuts
  Lair:4: 1259 daAuts
  Lair:5: 1239 daAuts
    D:11: 1134 daAuts
     D:3: 1089 daAuts
     D:8: 1078 daAuts
     D:7: 1009 daAuts
     D:6: 1001 daAuts
 Ossuary: 861 daAuts
